 Dungeon Crawl Stone Soup version 0.25.0-26-g0c896c7088 (webtiles) character file.

Game seed: 8452731815866496323

28261 protoss039 the Eclecticist (level 13, -8/63 HPs)
             Began as a Deep Elf Air Elementalist on July 3, 2020.
             Was a High Priest of Kikubaaqudgha.
             Shot with an arrow by a centaur warrior (15 damage)
             ... on level 14 of the Dungeon.
             The game lasted 01:28:09 (21647 turns).

protoss039 the Eclecticist (DEAE)                  Turns: 21647, Time: 01:28:09

Health: -8/63      AC:  9    Str: 11    XL:     13   Next: 8%
Magic:  22/37      EV: 11    Int: 26    God:    Kikubaaqudgha [*****.]
Gold:   1032       SH:  0    Dex: 17    Spells: 24/49 levels left

rFire    + . .     SeeInvis .   p - +1 dagger (flame)
rCold    + . .     Gourm    .   (no shield)
rNeg     . . .     Faith    .   M - +1 ring mail "Jextyis" {*Drain rC+ Str+6 Stlth+}
rPois    +         Spirit   .   R - +0 hat
rElec    .         Reflect  .   (no cloak)
rCorr    .         Harm     .   F - +2 pair of gloves
MR       +....                  (no boots)
Stlth    +++.......             L - amulet "Fehyda" {RegenMP Dex+2}
HPRegen  0.20/turn              y - ring of protection from fire
MPRegen  0.50/turn              w - ring of poison resistance

@: swift, very slightly contaminated, quick
A: no striking features
a: Receive Corpses, Torment, Renounce Religion


You were on level 14 of the Dungeon.
You worshipped Kikubaaqudgha.
Kikubaaqudgha was extremely pleased with you.
You were not hungry.

You visited 2 branches of the dungeon, and saw 15 of its levels.

You collected 1032 gold pieces.

Inventory:

Hand Weapons
 p - a +1 dagger of flaming (weapon)
 J - a +1 dagger of venom
Armour
 F - a +2 pair of gloves (worn)
 H - +0 acid dragon scales
 M - the +1 ring mail "Jextyis" (worn) {*Drain rC+ Str+6 Stlth+}
   (You found it on level 12 of the Dungeon)

   It affects your strength (+6).
   It protects you from cold.
   It causes draining when unequipped.
   It makes you more stealthy.
 O - a +2 robe of cold resistance
 R - a +0 hat (worn)
Magical Staves
 P - an uncursed staff of cold
Jewellery
 g - an uncursed ring of protection from cold
 h - a +6 ring of dexterity {unknown}
 w - a ring of poison resistance (right hand)
 y - a ring of protection from fire (left hand)
 L - the amulet "Fehyda" (around neck) {RegenMP Dex+2}
   (You found it on level 11 of the Dungeon)

   [amulet of magic regeneration]

   It increases your magic regeneration.
   It affects your dexterity (+2).
 Q - an uncursed ring of flight {unknown}
Wands
 a - a wand of enslavement (6)
 e - a wand of acid (12)
 k - a wand of disintegration (26)
 v - a wand of flame (20)
 N - a wand of polymorph (6)
 S - a wand of iceblast (4)
Scrolls
 b - 2 scrolls of enchant weapon
 d - 3 scrolls of teleportation
 j - 4 scrolls of remove curse
 o - a scroll of brand weapon
 s - 4 scrolls of blinking {unknown}
 t - 2 scrolls of magic mapping
 C - 2 scrolls of enchant armour
 K - 2 scrolls of amnesia
Potions
 f - 2 potions of mutation {unknown}
 i - a potion of invisibility
 n - 5 potions of stabbing
 u - a potion of heal wounds {unknown}
 z - a potion of flight {unknown}
 A - a potion of haste {unknown}
 B - 2 potions of might {unknown}
 D - 3 potions of magic
 G - a potion of resistance {unknown}
 I - 2 potions of brilliance {unknown}
Comestibles
 c - 28 rations
 l - 4 chunks of flesh


   Skills:
 - Level 0.1 Short Blades
 - Level 2.4 Dodging
 - Level 2.4 Stealth
 + Level 18.5 Spellcasting
 + Level 6.6 Conjurations
 + Level 0.2 Charms
 + Level 2.6 Summonings
 + Level 14.6 Air Magic


You had 24 spell levels left.
You knew the following spells:

 Your Spells              Type           Power        Failure   Level  Hunger
a - Shock                 Conj/Air       ####         1%          1    None
b - Swiftness             Chrm/Air       ######..     1%          2    None
c - Static Discharge      Conj/Air       ######..     1%          3    None
d - Airstrike             Air            #######...   1%          4    None
e - Lightning Bolt        Conj/Air       ######....   1%          5    None
f - Summon Lightning Spi  Summ/Air       ######..     1%          4    None
g - Passwall              Tmut/Erth      ###.....     7%          2    None
h - Petrify               Tmut/Erth      ###.....     43%         4    None

Your spell library contained the following spells:

 Spells                   Type           Power        Failure   Level  Hunger
 Summon Small Mammal      Summ           ####         1%          1    None
 Call Imp                 Summ           #####...     2%          2    None
 Stone Arrow              Conj/Erth      #####.       3%          3    None
 Animate Skeleton         Necr           N/A          4%          1    None
 Pain                     Necr           ###.         4%          1    None
 Sandblast                Erth           ###...       4%          1    None
 Call Canine Familiar     Summ           #####...     4%          3    None
 Sublimation of Blood     Necr           ###.......   7%          2    None
 Summon Guardian Golem    Hex/Summ       ####....     9%          3    None
 Vampiric Draining        Necr           ###.......   14%         3    None
 Summon Ice Beast         Ice/Summ       ####....     26%         4    None
 Animate Dead             Necr           N/A          43%         4    None
 Dispel Undead            Necr           ###.....     43%         4    None
 Excruciating Wounds      Chrm/Necr      ###.......   77%         5    None
 Agony                    Necr           ###.....     78%         5    None
 Lee's Rapid Deconstruct  Erth           ###.......   78%         5    None
 Simulacrum               Ice/Necr       ###.......   100%        6    ###....


Dungeon Overview and Level Annotations

Branches:
Dungeon (14/15)            Temple (1/1) D:5            Lair (0/6) D:9
    Orc (0/2) D:11         Vaults (0/5) D:13

Altars:
Ashenzari
Cheibriados
Dithmenos
Elyvilon
Fedhas
Gozag
Hepliaklqana
Kikubaaqudgha
Makhleb
Nemelex Xobeh
Okawaru
Qazlal
Ru
Sif Muna
Trog
Uskayaw
Vehumet
Wu Jian
Xom
Yredelemnul
Zin
The Shining One

Shops:
D:4 %(   D:12 (

Annotations:
D:3 3 runed translucent doors, xccam's ghost, amateur OpAs
D:12 2 transporters, 1 exclusion, Qibaloth's ghost, journeyman FoFi


Message History

Unknown command.
Unknown command.
Unknown command.
Unknown command.
Okay, then.
Okay, then.
The centaur shoots an arrow.
The arrow misses you.
Unknown command.
You flicker back into view.
The centaur shoots an arrow.
The arrow misses you.
Unknown command.
The centaur shoots an arrow.
The arrow hits you.
* * * LOW HITPOINT WARNING * * *
The centaur wields a +0 shortbow.
The centaur shoots an arrow.
The arrow hits you but does no damage.
You see here 3 arrows.
Unknown command.
The centaur warrior shoots an arrow.
The arrow hits you!
You die...
Kikubaaqudgha rasps: "You have failed me!
Welcome... death!"

.......... Z.....$...
#........#
##........##
#..........#
#.........^#
#..........#
#..........#
#####.....@....#
#######........(....##
..........#........##
..(.............####
................#
......c.<.......#
.§......c.......#
§§......cc..8...#
§§..(...c.......#


You could see a centaur warrior, a centaur warrior zombie (dormant) and a
friendly lightning spire (summoned).

Vanquished Creatures
  Gastronok (D:12)
  Kirke (D:12)
  A vault guard (D:13)
  2 two-headed ogres
  An alligator (D:13)
  A tengu warrior (D:14)
  2 unseen horrors
  Pikel (D:8)
  A wizard (D:12)
  An ugly thing (D:11)
  2 deep elf magi
  A cyclops (D:12)
  A manticore (shapeshifter) (D:13)
  A manticore (D:13)
  A centaur zombie (D:13)
  3 centaur skeletons
  2 gargoyles
  A kobold demonologist (D:10)
  An efreet (D:12)
  2 demonic crawlers (D:13)
  A tengu conjurer (D:14)
  6 trolls
  A hornet (D:11)
  A harpy zombie (D:14)
  Prince Ribbit (D:8)
  A hippogriff (D:10)
  4 slime creatures (D:13)
  A vampire (D:12)
  3 shadows
  A yak (D:11)
  A wyvern (D:13)
  A hog (D:12)
  2 hungry ghosts
  A basilisk (D:13)
  Menkaure (D:4)
  3 acid dragons
  A water moccasin (D:8)
  Edmund (D:5)
  2 porcupines (D:9)
  2 hell hounds (D:13)
  2 slaves
  7 orc warriors
  An ice beast (D:7)
  2 eyes of draining (D:6)
  4 phantoms
  5 sky beasts
  2 black bears
  5 ogres
  8 centaurs
  2 crocodiles
  2 wolves (D:13)
  12 big kobolds (D:10)
  A wyvern zombie (D:9)
  4 bullfrogs
  A wyvern skeleton (D:7)
  2 scorpions
  9 killer bees
  2 howler monkeys
  4 wights (D:13)
  2 crimson imps
  A bullfrog zombie (D:6)
  2 quasits
  8 jellies
  14 orc priests
  6 hounds
  Jessica (D:3)
  3 bullfrog skeletons
  5 iguanas
  19 orc wizards
  10 worker ants
  A killer bee zombie (D:7)
  A hound zombie (D:7)
  15 adders
  4 shadow imps
  11 oozes
  An adder skeleton (D:5)
  3 worms
  A dart slug (D:1)
  5 leopard geckos
  46 orcs
  A ball python (D:3)
  11 giant cockroaches
  11 hobgoblins
  24 jackals
  12 kobolds
  2 quokkas
  7 bats
  4 frilled lizards
  10 goblins
  2 jackal skeletons (D:4)
  2 jackal zombies
  10 rats
392 creatures vanquished.

Vanquished Creatures (collateral kills)
  Fannar (D:12)
  A hydra (D:12)
  A centaur warrior (D:12)
  An alligator (D:13)
  2 yaks (D:11)
  2 shadows (D:12)
  A hog (D:12)
  A porcupine (D:9)
  A swamp drake (D:11)
  An orc warrior (D:11)
  An ogre (D:11)
  3 centaurs (D:13)
  A big kobold (D:11)
  2 bullfrogs
  A scorpion (D:11)
  A jelly (D:9)
  2 orc priests (D:11)
  2 orc wizards
  2 oozes (D:9)
  15 orcs
  2 giant cockroaches (D:7)
44 creatures vanquished.

Vanquished Creatures (others)
  4 humans (D:12)
  2 slaves (D:8)
  An eye of draining (D:12)
  An ogre (D:12)
  A worker ant (D:8)
  16 fungi (D:9)
25 creatures vanquished.

Grand Total: 461 creatures vanquished

Notes
Turn   | Place    | Note
-------+----------+-------------------------------------------
     0 | D:1      | protoss039 the Deep Elf Air Elementalist began the quest
                  | for the Orb.
     0 | D:1      | Reached XP level 1. HP: 10/10 MP: 6/6
   274 | D:1      | Reached XP level 2. HP: 15/15 MP: 5/8
  1037 | D:1      | Reached XP level 3. HP: 19/19 MP: 5/10
  1280 | D:2      | Learned a level 2 spell: Swiftness
  1427 | D:2      | Learned a level 3 spell: Static Discharge
  1484 | D:2      | Reached skill level 4 in Spellcasting
  2079 | D:2      | Found a faded altar of an unknown god.
  2162 | D:2      | Reached XP level 4. HP: 24/24 MP: 8/12
  2319 | D:3      | Noticed Jessica
  2326 | D:3      | Killed Jessica
  2576 | D:3      | Reached skill level 5 in Spellcasting
  2576 | D:3      | Reached XP level 5. HP: 7/28 MP: 9/14
  2761 | D:3      | Found a runed translucent gate.
  2762 | D:3      | Found a runed translucent gate.
  2763 | D:3      | Found a runed translucent gate.
  2777 | D:3      | Noticed xccam's ghost (amateur OpAs)
  3318 | D:4      | Reached XP level 6. HP: 32/32 MP: 9/16
  3396 | D:4      | Found Ezicsiah's Food Emporium.
  3407 | D:4      | Learned a level 4 spell: Airstrike
  3773 | D:4      | Found Weasen's Weapon Emporium.
  4010 | D:4      | Reached skill level 6 in Spellcasting
  4010 | D:4      | Reached skill level 5 in Air Magic
  4236 | D:4      | Noticed Menkaure
  4239 | D:4      | Killed Menkaure
  4239 | D:4      | Reached XP level 7. HP: 36/36 MP: 5/19
  4357 | D:5      | Entered Level 5 of the Dungeon
  4357 | D:5      | Noticed Edmund
  4362 | D:5      | Killed Edmund
  4362 | D:5      | Reached skill level 7 in Spellcasting
  4781 | D:5      | Found a staircase to the Ecumenical Temple.
  4889 | Temple   | Entered the Ecumenical Temple
  5112 | D:5      | Reached skill level 8 in Spellcasting
  5486 | D:5      | Found an ornate altar of the Wu Jian Council.
  5879 | D:6      | Found a bloodstained altar of Trog.
  6227 | D:6      | Reached XP level 8. HP: 36/41 MP: 15/22
  7074 | D:6      | Reached skill level 9 in Spellcasting
  7838 | D:7      | You fall into a shaft and drop 3 floors!
  7838 | D:10     | Entered Level 10 of the Dungeon
  7861 | D:10     | Learned a level 5 spell: Lightning Bolt
  7866 | D:10     | Learned a level 4 spell: Summon Lightning Spire
  7914 | D:10     | Reached skill level 10 in Spellcasting
  8161 | D:10     | Reached XP level 9. HP: 21/45 MP: 17/25
  8275 | D:10     | HP: 2/45 [/static electricity (3)]
  8317 | D:10     | Reached skill level 11 in Spellcasting
  8558 | D:10     | Noticed a kobold demonologist
  8565 | D:10     | Noticed an ice devil
  8566 | D:10     | Killed a kobold demonologist
  8566 | D:10     | Reached skill level 5 in Conjurations
  9109 | D:8      | Noticed Prince Ribbit
  9172 | D:8      | Found an ancient bone altar of Kikubaaqudgha.
  9179 | D:8      | Became a worshipper of Kikubaaqudgha
  9187 | D:8      | Noticed Pikel
  9310 | D:7      | Reached skill level 12 in Spellcasting
  9486 | D:7      | Noticed a troll
  9489 | D:7      | Killed a troll
 10160 | D:8      | Killed Pikel
 10160 | D:8      | Reached skill level 10 in Air Magic
 10160 | D:8      | Reached XP level 10. HP: 20/50 MP: 0/28
 10618 | D:8      | Killed Prince Ribbit
 10618 | D:8      | Reached skill level 13 in Spellcasting
 10736 | D:8      | Found a basalt altar of Yredelemnul.
 11280 | D:8      | Reached * piety under Kikubaaqudgha
 11280 | D:8      | Identified Kikubaaqudgha's Guide on Dark Rites
                  | (Kikubaaqudgha gifted it to you on level 8 of the Dungeon)
 11280 | D:8      | Received a gift from Kikubaaqudgha
 11287 | D:8      | Learned a level 2 spell: Passwall
 11292 | D:8      | Learned a level 4 spell: Petrify
 11298 | D:8      | Learned a level 5 spell: Lee's Rapid Deconstruction
 11504 | D:9      | Found a shadowy altar of Dithmenos.
 11504 | D:9      | Found an iron altar of Okawaru.
 12222 | D:9      | Found a staircase to the Lair.
 12619 | D:9      | Reached skill level 1 in Summonings
 12886 | D:10     | Killed an unseen horror
 12886 | D:10     | Reached skill level 14 in Spellcasting
 13240 | D:10     | Reached ** piety under Kikubaaqudgha
 14026 | D:11     | Reached XP level 11. HP: 39/54 MP: 5/31
 14388 | D:11     | Got a translucent ivory amulet
 14883 | D:11     | Noticed a red ugly thing
 14887 | D:11     | Killed a red ugly thing
 14953 | D:11     | Reached skill level 15 in Spellcasting
 15264 | D:11     | You fall into a shaft and drop 2 floors!
 15544 | D:12     | Noticed Fannar
 15551 | D:12     | Killed Fannar
 15567 | D:12     | Identified the amulet "Fehyda" {RegenMP Dex+2} (You found
                  | it on level 11 of the Dungeon)
 15666 | D:12     | Noticed a deep elf mage
 15670 | D:12     | Killed a deep elf mage
 16120 | D:12     | Noticed a two-headed ogre
 16140 | D:12     | Killed a two-headed ogre
 16567 | D:11     | Reached *** piety under Kikubaaqudgha
 16567 | D:11     | Identified Kikubaaqudgha's Disquisition on Dark Rites
                  | (Kikubaaqudgha gifted it to you on level 11 of the Dungeon)
 16567 | D:11     | Received a gift from Kikubaaqudgha
 16834 | D:11     | Found a staircase to the Orcish Mines.
 17276 | D:12     | Noticed a centaur warrior
 17277 | D:12     | Noticed a seven-headed hydra
 17284 | D:12     | Killed a seven-headed hydra
 17284 | D:12     | Reached skill level 16 in Spellcasting
 17287 | D:12     | Killed a centaur warrior
 17486 | D:12     | Noticed a two-headed ogre
 17487 | D:12     | Noticed a two-headed ogre
 17488 | D:12     | Found a transporter.
 17488 | D:12     | Noticed Qibaloth's ghost (journeyman FoFi)
 17488 | D:12     | Noticed a two-headed ogre
 17493 | D:12     | Found a transporter.
 17493 | D:12     | Noticed a two-headed ogre
 17495 | D:12     | Identified the +6 great mace of Duty {freeze, Dex+3}
 17495 | D:12     | Noticed a frost giant
 17510 | D:12     | Noticed Kirke
 17522 | D:12     | Noticed a harpy
 17522 | D:12     | Noticed a harpy
 17526 | D:12     | Killed Kirke
 17526 | D:12     | Reached XP level 12. HP: 33/59 MP: 0/34
 17694 | D:12     | Found Jamn's Antique Weapon Shoppe.
 17699 | D:12     | Got a bloodstained ring mail
 17715 | D:12     | Identified the +1 ring mail "Jextyis" {*Drain rC+ Str+6
                  | Stlth+} (You found it on level 12 of the Dungeon)
 17727 | D:12     | Noticed Gastronok
 17761 | D:12     | Killed Gastronok
 18508 | D:13     | Noticed an alligator
 18512 | D:13     | Killed an alligator
 18520 | D:13     | Noticed an alligator
 18706 | D:13     | Reached skill level 17 in Spellcasting
 18715 | D:13     | Reached **** piety under Kikubaaqudgha
 18874 | D:13     | Noticed a two-headed ogre
 18878 | D:13     | Killed a two-headed ogre
 19306 | D:13     | Found a gate to the Vaults.
 19306 | D:13     | Noticed a vault guard
 19323 | D:13     | Killed a vault guard
 19778 | D:13     | Reached skill level 18 in Spellcasting
 20882 | D:13     | Killed an alligator
 21469 | D:14     | Reached XP level 13. HP: 63/63 MP: 25/37
 21521 | D:14     | Reached ***** piety under Kikubaaqudgha
 21647 | D:14     | Shot with an arrow by a centaur warrior

Illustrated notes

Levels and vault maps discovered:
D:1:      lemuel_arrival_rhombus, layout_basic, hangedman_decor_points,
          minmay_three_crescents
D:2:      layout_loops_ring, chequers_ecumenical_altar_simple
D:3:      layout_rooms, ebering_ghost_rock_garden, first_ration,
          minmay_misc_feat_columns, kennysheep_generic_room_13, uniq_jessica
D:4:      layout_loops_ring, serial_shops, nicolae_shop_stone,
          nicolae_shop_stone, uniq_menkaure
D:5:      layout_cave_pods, lemuel_crystal_altar, lemuel_temple_firewalk_b,
          uniq_edmund
D:6:      layout_basic, trog_eyes_of_draining
D:7:      layout_loops_corners
D:8:      layout_basic, overflow_temple_1_default,
          nicolae_overflow_crystal_walls, uniq_pikel, uniq_prince_ribbit1
D:9:      layout_loops_cross, chequers_temple_overflow_statue_of_worship,
          due_lair_maze_entry_diamond, hangedman_little_slice_of_home
D:10:     layout_roguey, special_room [special_room_kobold]
D:11:     layout_long_grid, erik_orc_1
D:12:     minmay_chambers_of_sevens, layout_loops_cross, gammafunk_ghost_smash,
          serial_shops, shop, uniq_gastronok, uniq_fannar, uniq_kirke
D:13:     layout_roguey, david_vaults_5, hangedman_parallel_progression
D:14:     layout_rooms, solitary_fountain, david_defended_altar_elf
Temple:   eino_temple_scatter_basement

Skill      XL: |  1  2  3  4  5  6  7  8  9 10 11 12 |
---------------+-------------------------------------+-----
Spellcasting   | 4 5 6 8 10 12 14 16 18 | 18.5
Air Magic      | 4 5 6 8 10 11 13 14 | 14.6
Conjurations   | 2 3 4 5 6 |  6.6
Summonings     | 1 2 |  2.6
Short Blades   | |  0.1
Dodging        | |  2.4
Stealth        | |  2.4
Charms         | |  0.2

Action                   |  1- 3 |  4- 6 |  7- 9 | 10-12 | 13-15 || total
-------------------------+-------+-------+-------+-------+-------++-------
Melee: Short sword       |    27 |       |       |       |       ||    27
       Unarmed           |     4 |       |       |       |       ||     4
       Dagger            |     1 |     3 |    36 |    15 |       ||    55
 Cast: Shock             |    80 |    64 |    86 |    53 |       ||   283
       Swiftness         |       |     1 |     1 |     4 |     1 ||     7
       Static Discharge  |       |    10 |    26 |    39 |       ||    75
       Airstrike         |       |     6 |    92 |   289 |    18 ||   405
       Summon Lightning  |       |       |     3 |    39 |     3 ||    45
       Lightning Bolt    |       |       |       |    54 |       ||    54
  Use: Potion            |       |     2 |     2 |    14 |     1 ||    19
       Scroll            |       |       |     7 |    14 |     2 ||    23
 Stab: Sleeping          |     1 |       |     2 |       |       ||     3
  Eat: Chunk             |     4 |     3 |    15 |    31 |       ||    53
       Ration            |       |     1 |     2 |     1 |       ||     4
Armor: Robe              |     8 |     3 |     7 |    12 |       ||    30
       Skin              |       |       |       |    47 |       ||    47
       Ring mail         |       |       |       |    40 |     1 ||    41
Dodge: Dodged            |    36 |    13 |    55 |    85 |    10 ||   199
